 Dungeon Crawl Stone Soup version 0.21.1-1-g345015f (webtiles) character file.

84 inc the Magician (level 4, 18/18 HPs)
             Began as a Felid Ice Elementalist on Mar 3, 2018.
             Was an Initiate of Vehumet.
             Quit the game on level 5 of the Dungeon.
             The game lasted 00:06:11 (3501 turns).

inc the Magician (Felid Ice Elementalist)           Turns: 3501, Time: 00:06:12

Health: 18/18      AC:  1    Str:  4    XL:     4   Next: 23%
Magic:  11/11      EV: 18    Int: 21    God:    Vehumet [......]
Gold:   166        SH:  0    Dex: 17    Spells: 7/11 levels left
                                        Lives:  0   Deaths: 1

rFire    . . .     SeeInvis +     - Unarmed
rCold    . . .     Gourm    .   (shield unavailable)
rNeg     . . .     Faith    .   (armour unavailable)
rPois    .         Spirit   .   (helmet unavailable)
rElec    .         Reflect  .   (cloak unavailable)
rCorr    .         Harm     .   (gloves unavailable)
MR       .....                  (boots unavailable)
Stlth    +++.......             (no amulet)
HPRegen  0.06/turn              g - +4 ring of intelligence
MPRegen  0.12/turn              (no ring)

@: quick
A: very small, no armour, no weapons or thrown items, stealth, claws 1, fangs 3,
see invisible, carnivore, speed 1, shaggy fur 1, slow metabolism 1, sharp paws
a: Renounce Religion


You were on level 5 of the Dungeon.
You worshipped Vehumet.
Vehumet was noncommittal.
You were not hungry.

You visited 1 branch of the dungeon, and saw 5 of its levels.

You collected 166 gold pieces.

Inventory:

Jewellery
 c - an uncursed amulet of inaccuracy
 g - a +4 ring of intelligence (left paw)
Scrolls
 d - a scroll of teleportation
 f - a scroll of noise
 h - a scroll of remove curse
Books
 a - a book of Frost

   Spells                             Type                      Level
   a - Freeze                         Ice                          1
   b - Throw Frost                    Conjuration/Ice              2
   c - Ozocubu's Armour               Charms/Ice                   3
   d - Throw Icicle                   Conjuration/Ice              4
   e - Summon Ice Beast               Ice/Summoning                4
Comestibles
 b - 5 rations


   Skills:
 - Level 2.6 Dodging
 - Level 2.6 Stealth
 + Level 1.2 Unarmed Combat
 - Level 4.0 Spellcasting
   Level 0.8 Conjurations
 - Level 2.4 Charms
 - Level 3.2 Ice Magic


You had 7 spell levels left.
You knew the following spells:

 Your Spells              Type           Power        Failure   Level  Hunger
a - Freeze                Ice            ###.         3%          1    None
b - Ozocubu's Armour      Chrm/Ice       ###.....     11%         3    ###....


Dungeon Overview and Level Annotations

Branches:
Dungeon (5/15)
 Temple: D:4-7

Altars:
Dithmenos
Elyvilon
Kikubaaqudgha
Qazlal
Vehumet

Annotations:
D:4 1994's ghost, novice MfGl


Innate Abilities, Weirdness & Mutations

You cannot wear armour.
You are incapable of wielding weapons or throwing items.
Your paws allow you to move quietly. (Stealth)
You have sharp claws.
You have razor-sharp teeth.
You have supernaturally acute eyesight. (SInv)
You are carnivorous and can eat meat at any time.
You cover ground quickly.
You are covered in fur. (AC +1)
You have a slow metabolism.
Your sharp claws are effective at attacking unaware monsters.


Message History

The orc wizard is almost dead.
The leopard gecko bites you but does no damage.
The orc wizard casts a spell at you. The puff of flame hits you!
* * * LOW HITPOINT WARNING * * *
The heat melts your icy armour.
Casting: Freeze
Confirm with . or Enter, or press ? or * to list all spells.
Aiming: Freeze
Press: ? - help, Shift-Dir - straight line, f/p - orc wizard
Aim: an orc wizard, wielding a dagger and wearing a robe (almost dead, slightly transparent)
You freeze the orc wizard.
You kill the orc wizard!
Vehumet accepts your kill.
Your Unarmed Combat skill increases to level 1!
The leopard gecko bites you.
You die...
You are now level 4!
You rejoin the land of the living...
Are you sure you want to abandon this character and quit the game? (Confirm with "yes".)

### ##. #..
... ... ...
#.. ..#
###..####..#
#..........#
#..........#
#.....@....+
##...####+##
#..
[......Z..
........
...... ..
.... ...
#..# ..#
#..####..##


You could see a leopard gecko skeleton (dormant).

Vanquished Creatures
  A centaur skeleton (D:4)
  An orc wizard (D:5)
  5 adders
  An ooze (D:2)
  A worm (D:3)
  A dart slug (D:3)
  A leopard gecko (D:3)
  6 orcs (D:3)
  5 bats
  2 giant cockroaches
  6 goblins
  7 hobgoblins
  2 jackals (D:3)
  2 quokkas (D:3)
  4 frilled lizards
  3 kobolds
  A quokka skeleton (D:4)
  7 rats
56 creatures vanquished.

Notes
Turn   | Place    | Note
-------+----------+-------------------------------------------
     0 | D:1      | inc the Felid Ice Elementalist began the quest for the Orb.
     0 | D:1      | Reached XP level 1. HP: 7/7 MP: 4/4
   256 | D:1      | Reached XP level 2. HP: 11/11 MP: 3/6
   893 | D:2      | Reached XP level 3. HP: 10/14 MP: 2/8
   984 | D:2      | Found a stormy altar of Qazlal.
  1045 | D:2      | Reached skill level 3 in Spellcasting
  1329 | D:2      | Found a white marble altar of Elyvilon.
  1329 | D:2      | Found a shadowy altar of Dithmenos.
  1330 | D:2      | Found an ancient bone altar of Kikubaaqudgha.
  1485 | D:2      | Found a radiant altar of Vehumet.
  1490 | D:2      | Became a worshipper of Vehumet
  1783 | D:3      | Reached XP level 4. HP: 16/18 MP: 7/10
  2567 | D:2      | Reached skill level 4 in Spellcasting
  2758 | D:2      | Learned a level 3 spell: Ozocubu's Armour
  2873 | D:3      | Reached skill level 1 in Charms
  3168 | D:4      | Noticed 1994's ghost (novice MfGl)
  3227 | D:4      | Noticed a phantom
  3355 | D:4      | Reached XP level 5. HP: 4/21 MP: 12/12
  3483 | D:5      | Entered Level 5 of the Dungeon
  3500 | D:5      | Reached skill level 1 in Unarmed Combat
  3500 | D:5      | Slain by a leopard gecko
  3501 | D:5      | Reached XP level 4. HP: 0/18 MP: 7/11
  3501 | D:5      | Quit the game

Skill      XL: |  1  2  3  4  5 |
---------------+----------------+-----
Ice Magic      | 3 |  3.2
Spellcasting   | 3 4 |  4.0
Charms         | 2 |  2.4
Unarmed Combat | 1 |  1.2
Dodging        | |  2.6
Stealth        | |  2.6
Conjurations   | |  0.8

Action                   |  1- 3 |  4- 6 || total
-------------------------+-------+-------++-------
Melee: Unarmed           |    14 |    25 ||    39
       Bite              |       |     1 ||     1
 Cast: Freeze            |    42 |    39 ||    81
       Ozocubu's Armour  |       |     3 ||     3
  Use: Scroll            |     3 |     1 ||     4
       Potion            |       |     1 ||     1
 Stab: Sleeping          |     7 |     1 ||     8
  Eat: Chunk             |       |     7 ||     7
Armor: Skin              |     4 |     3 ||     7
Dodge: Dodged            |    33 |    47 ||    80
